 Dungeon Crawl Stone Soup version 0.28-a0-689-ga55568f2eb (webtiles) character file.

Game seed: 10937660535708436469

9468 Grim the Grappler (level 11, -9/157 HPs)
             Began as a Troll Monk on Oct 20, 2021.
             Was a High Priest of Cheibriados.
             Mangled by a nine-headed hydra (12 damage)
             ... on level 11 of the Dungeon.
             The game lasted 00:19:22 (8453 turns).

Grim the Grappler (Troll Monk)                      Turns: 8453, Time: 00:19:22

Health: -9/157     AC:  8    Str: 33    XL:     11   Next: 23%
Magic:  15/15      EV: 13    Int: 21    God:    Cheibriados [*****.]
Gold:   1227       SH:  0    Dex: 24    Spells: 10/10 levels left

rFire   . . .      SeeInvis .     - Unarmed
rCold   . . .      Faith    .   (no shield)
rNeg    . . .      Spirit   .   x - +0 steam dragon scales
rPois   .          Reflect  .   (helmet restricted)
rElec   .          Harm     .   k - +0 cloak
rCorr   .          Rampage  .   (gloves unavailable)
Will    .....                   (boots unavailable)
Stlth   ..........              (no amulet)
HPRegen 1.36/turn               (no ring)
MPRegen 0.14/turn               (no ring)

@: berserking, very slow
A: large, unfitting armour, claws 3, regeneration 1, shaggy fur 1, tough skin 1
a: Renounce Religion, Bend Time, Temporal Distortion, Slouch, Step From Time


You were on level 11 of the Dungeon.
You worshipped Cheibriados.
Cheibriados was extremely pleased with you.
You visited 2 branches of the dungeon, and saw 12 of its levels.
You also visited: Bailey.

You collected 1227 gold pieces.

Inventory:

Missiles
 A - 5 throwing nets (quivered)
 D - 12 boomerangs
Armour
 a - a +0 robe
 k - a +0 cloak (worn)
 x - +0 steam dragon scales (worn)
 B - +0 shadow dragon scales
 G - the +1 robe "Igge" {rElec Regen+ Dex-5}
   (You found it on level 10 of the Dungeon)

   Dex:       It affects your dexterity (-5).
   rElec:     It insulates you from electricity.
   Regen:     It increases your rate of health regeneration.
Jewellery
 J - a +6 ring of strength
Wands
 y - a wand of charming (9)
 F - a wand of iceblast (4)
 H - a wand of digging (5)
Scrolls
 c - a scroll of amnesia {unknown}
 f - 2 scrolls of vulnerability {unknown}
 g - 7 scrolls of teleportation {unknown}
 i - a scroll of magic mapping {unknown}
 m - 5 scrolls of enchant weapon {unknown}
 o - a scroll of summoning {unknown}
 p - 2 scrolls of noise {unknown}
 q - a scroll of fear {unknown}
 r - 2 scrolls of blinking {unknown}
 s - 4 scrolls of identify
 v - a scroll of immolation {unknown}
 E - a scroll of fog {unknown}
 I - a scroll of brand weapon {unknown}
 K - a scroll of silence {unknown}
Potions
 b - 3 potions of curing {unknown}
 d - 2 potions of heal wounds
 h - 2 potions of attraction
 j - 2 potions of haste {unknown}
 l - 4 potions of degeneration {!q}
 n - 4 potions of lignification
 t - 2 potions of invisibility {unknown}
 w - a potion of experience {unknown}
 z - a potion of mutation {unknown}
 C - a potion of might {unknown}


   Skills:
 - Level 5.7 Fighting
 + Level 4.4 Throwing
 + Level 1.9 Armour
 - Level 5.0 Dodging
 - Level 1.0 Stealth
 - Level 12.6 Unarmed Combat
 - Level 7.2 Invocations


You had 10 spell levels left.
You didn't know any spells.
Your spell library contained the following spells:

 Spells                   Type           Power      Damage    Failure   Level
 Foxfire                  Conj/Fire      0%         2x1d4     19%         1
 Pain                     Necr           0%         1d4       19%         1
 Slow                     Hex            0%         N/A       26%         2
 Confusing Touch          Hex            0%         N/A       47%         3
 Conjure Flame            Conj/Fire      0%         6-21      47%         3
 Inner Flame              Hex/Fire       0%         N/A       47%         3
 Flame Wave               Conj/Fire      0%         3d3       87%         4
 Agony                    Necr           0%         N/A       99%         5
 Excruciating Wounds      Necr           0%         N/A       99%         5
 Yara's Violent Unravell  Hex/Tmut       0%         3d3       99%         5


Dungeon Overview and Level Annotations

Branches:
Dungeon (11/15)            Temple (1/1) D:6            Lair (0/6) D:8
 Bailey (visited)
    Orc: D:9-12

Altars:
Ashenzari
Cheibriados
Dithmenos
Fedhas
Gozag
Hepliaklqana
Kikubaaqudgha
Makhleb
Nemelex Xobeh
Okawaru
Qazlal
Trog
Uskayaw
Vehumet
Wu Jian
Yredelemnul
Zin
The Shining One

Shops:
D:7 :

Annotations:
D:3 3 runed translucent doors, TimeIsEndless's ghost, amateur VSFi


Innate Abilities, Weirdness & Mutations

You are too large for most types of armour.
You have claws for hands.
Your natural rate of healing is unusually fast.
You are covered in fur. (AC +1)
You have tough skin. (AC +1)


Message History

* * * LOW HITPOINT WARNING * * *
You rip one of the seven-headed hydra's heads off!
The six-headed hydra grows two more!
You eviscerate the eight-headed hydra!!!
The eight-headed hydra is almost dead.
You claw one of the eight-headed hydra's heads off!
The seven-headed hydra grows two more!
You scratch the nine-headed hydra.
The nine-headed hydra is almost dead.
The nine-headed hydra bites you.
* * * LOW HITPOINT WARNING * * *
The nine-headed hydra bites you.
* * * LOW HITPOINT WARNING * * *
The nine-headed hydra bites you.
* * * LOW HITPOINT WARNING * * *
The nine-headed hydra misses you.
The nine-headed hydra barely misses you.
The nine-headed hydra bites you!
* * * LOW HITPOINT WARNING * * *
The nine-headed hydra completely misses you.
The nine-headed hydra bites you!
* * * LOW HITPOINT WARNING * * *
The nine-headed hydra bites you.
* * * LOW HITPOINT WARNING * * *
You completely miss the nine-headed hydra.
The nine-headed hydra is almost dead.
The nine-headed hydra bites you but does no damage.
The nine-headed hydra bites you!
* * * LOW HITPOINT WARNING * * *
The nine-headed hydra bites you but does no damage.
The nine-headed hydra bites you.
* * * LOW HITPOINT WARNING * * *
The nine-headed hydra bites you!
* * * LOW HITPOINT WARNING * * *
The nine-headed hydra bites you but does no damage.
The nine-headed hydra bites you.
* * * LOW HITPOINT WARNING * * *
The nine-headed hydra bites you.
* * * LOW HITPOINT WARNING * * *
The nine-headed hydra bites you!
You die...

######
#....######
#.##......#
#.######.##
#.....##.#
#####.##.#
#.##<#
#.#### #@#
#...D#
#.#....
#....#(.. #
...#.#.(#
....# . .#
....# # #
##.###


You could see a nine-headed hydra.

Vanquished Creatures
  Harold (D:9)
  Erica (D:8)
  2 two-headed ogres
  A gargoyle (D:10)
  2 unseen horrors (D:10)
  2 kobold demonologists
  A shadow (D:8)
  2 wyverns
  A yak (D:7)
  A basilisk (D:8)
  2 steam dragons
  4 vampire mosquitoes (D:10)
  Edmund (D:4)
  A water moccasin (D:6)
  A hornet zombie (D:8)
  6 orc warriors
  2 black bears
  An ice beast (D:6)
  2 sky beasts
  3 necrophages
  4 centaurs
  2 kobold brigands
  2 bullfrogs
  A gnoll sergeant (D:9)
  2 scorpions
  2 howler monkeys (D:6)
  5 spriggan skeletons (D:10)
  5 wights (D:6)
  A troll skeleton (D:10)
  A bullfrog zombie (D:6)
  4 centaur zombies
  5 hounds
  A jelly (D:4)
  A centaur skeleton (D:5)
  6 orc priests
  A bullfrog skeleton (D:5)
  2 iguanas
  Natasha (thrice) (D:2)
  3 orc wizards (D:8)
  A killer bee zombie (D:5)
  12 adders
  10 gnolls
  A shadow imp (D:7)
  An ufetubus (D:6)
  An adder skeleton (D:5)
  A worm (D:4)
  2 dart slugs
  20 orcs
  4 ball pythons
  5 endoplasms
  2 giant cockroaches
  9 hobgoblins
  2 quokkas
  5 bats
  2 frilled lizards (D:3)
  13 goblins
  19 kobolds
  5 rats
  A bush (D:10)
204 creatures vanquished.

Notes
Turn   | Place    | Note
-------+----------+-------------------------------------------
     0 | D:1      | Grim the Troll Monk began the quest for the Orb.
     0 | D:1      | Reached XP level 1. HP: 22/22 MP: 0/0
   255 | D:1      | Reached XP level 2. HP: 29/29 MP: 1/1
   399 | D:1      | Reached skill level 4 in Unarmed Combat
   507 | D:1      | Found a faded altar of an unknown god.
   628 | D:2      | Noticed Natasha
   634 | D:2      | Killed Natasha
   635 | D:2      | Reached XP level 3. HP: 36/36 MP: 2/2
   775 | D:2      | Reached XP level 4. HP: 44/44 MP: 3/3
   894 | D:2      | Noticed Natasha
   907 | D:2      | Killed Natasha
   908 | D:2      | Reached skill level 5 in Unarmed Combat
  1042 | D:2      | Noticed Natasha
  1050 | D:2      | Killed Natasha
  1502 | D:3      | Reached XP level 5. HP: 46/50 MP: 4/4
  1703 | D:3      | Found a runed translucent gate.
  1703 | D:3      | Found a runed translucent gate.
  1703 | D:3      | Found a runed translucent gate.
  1703 | D:3      | Noticed TimeIsEndless's ghost (amateur VSFi)
  1787 | D:3      | Reached skill level 6 in Unarmed Combat
  2454 | D:4      | Noticed a necrophage
  2462 | D:4      | Killed a necrophage
  2463 | D:4      | Reached XP level 6. HP: 55/59 MP: 5/5
  2651 | D:4      | Reached skill level 7 in Unarmed Combat
  2990 | D:5      | Entered Level 5 of the Dungeon
  2991 | D:5      | Noticed a sky beast
  3000 | D:5      | Killed a sky beast
  3052 | D:5      | Noticed Edmund
  3086 | D:4      | Reached XP level 7. HP: 67/67 MP: 6/6
  3198 | D:4      | Killed Edmund
  3257 | D:5      | Reached skill level 8 in Unarmed Combat
  3977 | D:6      | Reached XP level 8. HP: 49/78 MP: 7/7
  4169 | D:6      | Reached skill level 9 in Unarmed Combat
  4232 | D:6      | Found a staircase to the Ecumenical Temple.
  4284 | Temple   | Entered the Ecumenical Temple
  4432 | Temple   | Became a worshipper of Cheibriados the Contemplative
  4432 | Temple   | Reached * piety under Cheibriados
  4432 | Temple   | Reached ** piety under Cheibriados
  4531 | D:6      | Reached skill level 5 in Fighting
  4539 | D:6      | Reached skill level 10 in Unarmed Combat
  4669 | D:6      | Reached XP level 9. HP: 33/88 MP: 8/8
  4781 | D:6      | Found a stormy altar of Qazlal.
  5169 | D:7      | Identified the +9 great sword of Patterns {spect, rF+
                  | Str+3}
  5326 | D:7      | Found Jiytsig's Book Shop.
  5437 | D:7      | Reached skill level 11 in Unarmed Combat
  5677 | D:8      | Noticed a two-headed ogre
  5678 | D:8      | Reached *** piety under Cheibriados
  5686 | D:8      | Killed a two-headed ogre
  5687 | D:8      | Reached skill level 12 in Unarmed Combat
  5868 | D:8      | Noticed Erica
  5923 | D:8      | Killed Erica
  5924 | D:8      | Reached XP level 10. HP: 66/98 MP: 8/10
  5924 | D:8      | Found a staircase to the Lair.
  6146 | D:8      | Found a hazy altar of Hepliaklqana.
  6146 | D:8      | Found a glowing golden altar of the Shining One.
  6154 | D:8      | Found an ornate altar of the Wu Jian Council.
  6156 | D:8      | Found an ancient bone altar of Kikubaaqudgha.
  6158 | D:8      | Found an iron altar of Okawaru.
  6349 | D:9      | Found a flagged portal.
  6368 | D:9      | Noticed a smoke demon
  6531 | D:8      | Reached **** piety under Cheibriados
  6539 | D:9      | Noticed a sixfirhy
  6612 | D:8      | Reached skill level 5 in Dodging
  6778 | Bailey   | Entered a bailey
  6833 | Bailey   | Reached skill level 5 in Invocations
  6840 | Bailey   | Reached skill level 1 in Throwing
  6968 | Bailey   | Found a bloodstained altar of Trog.
  6984 | Bailey   | Identified the +9 flail of Kotampal {vamp, Fly}
  7097 | D:9      | Noticed Harold
  7107 | D:9      | Killed Harold
  7451 | D:9      | Found a sparkling altar of Nemelex Xobeh.
  7452 | D:9      | Found a broken altar of Ashenzari.
  7661 | D:10     | Entered Level 10 of the Dungeon
  7662 | D:10     | Noticed a gargoyle
  7665 | D:10     | Killed a gargoyle
  7709 | D:10     | Identified the +1 robe "Igge" {rElec Regen+ Dex-5}
  7773 | D:10     | Reached ***** piety under Cheibriados
  7817 | D:10     | Reached XP level 11. HP: 97/105 MP: 15/15
  8073 | D:10     | Noticed a two-headed ogre
  8077 | D:10     | Killed a two-headed ogre
  8078 | D:10     | Reached skill level 1 in Armour
  8445 | D:11     | Noticed a seven-headed hydra
  8453 | D:11     | HP: 3/157 [nine-headed hydra (5)]
  8453 | D:11     | Mangled by a nine-headed hydra

Illustrated notes

Levels and vault maps discovered:
D:1:      minmay_arrival_shoal_huts, layout_rooms,
          chequers_ecumenical_altar_simple, st_stairs_10, supply_closet_lemuel,
          minmay_heptomino_d4
D:2:      layout_basic, uniq_natasha
D:3:      layout_loops_corners, gammafunk_ghost_nasty_kobolds
D:4:      layout_cave_pools
D:5:      layout_gridville, st_stairs_2, nicolae_underground_beach, uniq_edmund
D:6:      minmay_inner_zag, layout_rooms, nicolae_qazlal_scattered_showers,
          temple_statues, fountainhead
D:7:      layout_basic, serial_shops, nicolae_shop_stone,
          chequers_serial_rivers_marsh, item_on_display_a
D:8:      layout_rooms, chequers_temple_overflow_minitemple, david_lair_generic,
          uniq_erica
D:9:      layout_roguey, gammafunk_temple_overflow_statue, enter_bailey_5,
          uniq_harold
D:10:     layout_cave_pools, serial_park, serial_park_tiny_pond,
          serial_park_square2, serial_park_square2, serial_park_tiny_2,
          roderic_serpentine_path, hangedman_tell_no_tales
D:11:     layout_basic, gauntlet_entry_generic, uniq_josephine, uniq_grum
Temple:   dpeg_chambers_temple

Skill      XL: |  1  2  3  4  5  6  7  8  9 10 11 |
---------------+----------------------------------+-----
Unarmed Combat | 4 5 6 7 8 10 12 | 12.6
Fighting       | 3 4 5 |  5.7
Dodging        | 3 5 |  5.0
Invocations    | 2 6 7 |  7.2
Throwing       | 3 4 |  4.4
Armour         | 1 |  1.9
Stealth        | |  1.0

Action                   |  1- 3 |  4- 6 |  7- 9 | 10-12 || total
-------------------------+-------+-------+-------+-------++-------
Melee: Unarmed           |    59 |   118 |   197 |   187 ||   561
       Punch             |     1 |     2 |    12 |    16 ||    31
Throw: Javelin           |       |       |       |    17 ||    17
       Throwing net      |       |       |       |     1 ||     1
  Use: Scroll            |       |     5 |       |       ||     5
       Potion            |       |       |     2 |     1 ||     3
 Stab: Sleeping          |     1 |     2 |     2 |     2 ||     7
       Distracted        |       |       |     2 |     1 ||     3
Armor: Robe              |    17 |    32 |    52 |       ||   101
       Steam dragon scal |       |       |     6 |    92 ||    98
Dodge: Dodged            |    34 |    53 |    99 |   182 ||   368

Table legend: (Time is in decaauts)
 A = Elapsed time spent in this place.
 B = Non-inter-level travel time spent in this place.
 C = Inter-level travel time spent in this place.
 D = Time resting spent in this place.
 E = Time spent auto-exploring this place.
 F = Levels seen in this place.
 G = Mean time per level.
                   A        B        C        D        E       F      G
               +--------+--------+--------+--------+--------+-----+--------+
         Total |  10162 |   9705 |    457 |   1189 |   6673 |  13 |  781.7 |
       Dungeon |   9692 |   9253 |    439 |   1078 |   6492 |  11 |  881.1 |
        Temple |    167 |    149 |     18 |      0 |    122 |   1 |  167.0 |
        Bailey |    303 |    303 |      0 |    111 |     59 |   1 |  303.0 |
               +--------+--------+--------+--------+--------+-----+--------+

Top non-repeatable levels by time:
    D:10: 1193 daAuts
     D:9: 1190 daAuts
     D:8: 1167 daAuts
     D:3: 1029 daAuts
     D:7: 1005 daAuts
     D:6: 1002 daAuts
     D:5: 974 daAuts
     D:4: 802 daAuts
     D:2: 651 daAuts
     D:1: 626 daAuts
  Bailey: 303 daAuts
  Temple: 167 daAuts
    D:11: 48 daAuts
